[Event "Late-Titled-Tuesday-Blitz-March-19-2024"]
[Site "Chess.com"]
[Date "2024.03.19"]
[Round "1"]
[White "Meri-Arabidze"]
[Black "RianKapriaga"]
[Result "1-0"]
[WhiteElo "2679"]
[BlackElo "2359"]
[TimeControl "180+1"]
[EndTime "14:08:10 PDT"]
[Termination "Meri-Arabidze won on time"]

1. d4 Nf6 2. c4 e6 3. g3 d5 4. Bg2 Bb4+ 5. Bd2 a5 6. Nf3 dxc4 7. O-O O-O 8. Qc2 b6 9. a3 Be7 10. e4 Ba6 11. Nc3 Nc6 12. d5 exd5 13. exd5 Nxd5 14. Nxd5 Qxd5 15. Ng5 Qd3 16. Qxd3 cxd3 17.
Bxc6 Rad8 18. Ne4 f5 19. Nc3 Bd6 20. Rfe1 f4 21. Nb5 fxg3 22. hxg3 Bc5 23. Bf4 g5 24.
Be3 d2 25. Red1 Bxe3 26. fxe3 Bxb5 27. Bxb5 Rf3 28. Kg2 Rxe3 29. a4 Kg7 30. Bc4 h5 31. b3 h4 32. gxh4 gxh4 33. Ra2 Rg3+ 34. Kh2 Re8 35.
Raxd2 Ree3 36. Rg2 Kf6 37. Rxg3 hxg3+ 38. Kg2 Ke5 39. Rd3 Rxd3 40. Bxd3 Kd4 41. Bc4 Kc5 42. Kxg3 c6 43. Kf3 b5 44. Be2 Kb4 45. Bd1 c5 46. axb5 Kxb5 47. Ke3 Kb4 48. Kd3 1-0

[Event "Late-Titled-Tuesday-Blitz-March-19-2024"]
[Site "Chess.com"]
[Date "2024.03.19"]
[Round "1"]
[White "MusicCityMaster"]
[Black "NovakCabarkapa"]
[Result "0-1"]
[WhiteElo "2449"]
[BlackElo "2761"]
[TimeControl "180+1"]
[EndTime "14:08:13 PDT"]
[Termination "NovakCabarkapa won on time"]

1. d4 Nf6 2. c4 e6 3. Nf3 d5 4. e3 a6 5. Bd3 dxc4 6. Bxc4 b5 7. Bd3 Bb7 8. Qe2 c5 9. dxc5 Bxc5 10. Bxb5+ axb5 11. Qxb5+ Qd7 12. Qxc5 Na6 13. Qd4 Qc6 14. Nc3 O-O 15. O-O Rfd8 16. Qh4 Nc5 17. e4 Ncxe4 18.
Nxe4 Nxe4 19. Be3 Nd6 20. Rfc1 Qd5 21. Rd1 Qb5 22. Nd4 Qxb2 23. a4 Nf5 24. Nxf5 Rxd1+ 25.
Rxd1 h6 26. Nd6 Bd5 27. Qh5 Qf6 28. h3 Rxa4 29. Nb5 Rh4 30. Bd4 Rxh5 31. Bxf6 gxf6 32. Nc3 Bc6 33. Rd8+ Kg7 34. Rd6 Rc5 35. Ne2 e5 36. f3 Kg6 37. Kf2 h5 38. h4 Rc4 39.
Ng3 Bb5 40. Rb6 Rc2+ 41. Kg1 Bd3 42. Rd6 Rc3 43. Kf2 Ra3 44. Ke1 Ra1+ 45. Kd2 Bb1 46. Kc1 Bf5+ 47. Kb2 Rb1+ 48. Kc3 Rg1 49. Nxf5 Kxf5 50.
Rd7 Ke6 51. Rd2 Kf5 52. Kd3 Kf4 53. Re2 Kg3 54. Ke4 Rxg2 55. Re3 Rf2 56. f4+ Kg4 57. fxe5 fxe5 58. Kxe5 Kxh4 59. Re4+ Kg3 60. Kd4 Rf4 61.
Rxf4 Kxf4 0-1

[Event "Late-Titled-Tuesday-Blitz-March-19-2024"]
[Site "Chess.com"]
[Date "2024.03.19"]
[Round "1"]
[White "Schattman"]
[Black "DrKerfuffle"]
[Result "0-1"]
[WhiteElo "2510"]
[BlackElo "2868"]
[TimeControl "180+1"]
[EndTime "14:08:15 PDT"]
[Termination "DrKerfuffle won on time"]

1. d4 Nf6 2. Nf3 g6 3. g3 Bg7 4.
Bg2 O-O 5. O-O c6 6. c4 d6 7. h3 Ne4 8. Nbd2 d5 9. e3 Nxd2 10. Nxd2 Bf5 11. cxd5 cxd5 12. Qb3 Be6 13. Qxb7 Nd7 14.
Qb3 Qa5 15. Qc3 Qa6 16. Rd1 Rfc8 17. Bf1 Qb6 18. Qb3 Qd6 19. Bg2 Rab8 20. Qd3 Bf5 21.
Qe2 Rc2 22. g4 Be6 23. Qd3 Rbc8 24. Nb3 R2c7 25. Bd2 f5 26. g5 Bf7 27. Rac1 e5 28. Rxc7 Rxc7 29. Rc1 e4 30. Qb5 Nb6 31. Rxc7 Qxc7 32. Qc5 Qd7 33. Bf1 Bf8 34. Qb5 Qd8 35. h4 h6 36. gxh6 Qxh4 37. a4 Qg4+ 38. Bg2 Nc4 39.
Bc3 Qd1+ 40. Bf1 Qg4+ 41. Bg2 Bxh6 42. Qb8+ Kg7 43. Nc5 Qd1+ 44. Kh2 Qh5+ 45. Kg1 Nxe3 46. Qg3 Qd1+ 47. Kh2 Ng4+ 48. Kh3 Qg1 49. f3 Nf2+ 50. Kh4 g5+ 51. Qxg5+ Bxg5+ 52. Kxg5 Qxg2+ 53. Kf4 Nd3+ 54. Nxd3 exd3 55. Ke5 d2 56. Bxd2 Qxd2 0-1

[Event "Late-Titled-Tuesday-Blitz-March-19-2024"]
[Site "Chess.com"]
[Date "2024.03.19"]
[Round "1"]
[White "cardiganbyts"]
[Black "Baronessa08"]
[Result "0-1"]
[WhiteElo "1937"]
[BlackElo "2578"]
[TimeControl "180+1"]
[EndTime "14:08:17 PDT"]
[Termination "Baronessa08 won by resignation"]

1. Nf3 d5 2. b3 c5 3. e3 Nc6 4.
Bb2 f6 5. d4 Bg4 6. Be2 e6 7. O-O Bd6 8. Nbd2 cxd4 9. Nxd4 Bxe2 10. Qxe2 Nxd4 11. Bxd4 Ne7 12. c4 O-O 13. Bb2 Qc7 14. h3 Bh2+ 15. Kh1 Be5 16. Bxe5 Qxe5 17. Nf3 Qe4 18. Rac1 Rac8 19. Rfd1 dxc4 20. Rd4 Qf5 21. Rcxc4 Qb5 22. Qc2 Rxc4 23. Qxc4 Qxc4 24. Rxc4 Rc8 25. Rxc8+ Nxc8 26. Kg1 Kf7 27. Kf1 e5 28. Ke2 Ke6 29.
e4 Ne7 30. Kd3 g5 31. g3 h5 32. Nd2 h4 33. gxh4 gxh4 34. Nf3 Ng6 35. a4 f5 36. b4 Nf4+ 37. Ke3 Ng2+ 38. Kd3 Kf6 39. b5 b6 40.
exf5 Kxf5 41. Nd2 Nf4+ 42. Ke3 Nxh3 43. Nc4 Ng5 44. f3 e4 45. fxe4+ Nxe4 46. a5 bxa5 47. Nxa5 Nd6 48. Nc6 Nxb5 49. Kf3 Kg5 50. Kg2 Kg4 51. Kh2 a6 52. Na5 Nd4 53. Nb7 Nf3+ 54. Kg2 h3+ 55. Kh1 Nd2 56. Na5 Kg3 57. Nc6 Ne4 58. Nd4 Nf2+ 59. Kg1 h2+ 60. Kf1 h1=Q+ 61. Ke2 Qe4+ 0-1

[Event "Late-Titled-Tuesday-Blitz-March-19-2024"]
[Site "Chess.com"]
[Date "2024.03.19"]
[Round "1"]
[White "KNVB"]
[Black "EternalNight8"]
[Result "1-0"]
[WhiteElo "2809"]
[BlackElo "2479"]
[TimeControl "180+1"]
[EndTime "14:08:18 PDT"]
[Termination "KNVB won by resignation"]

1. e4 e5 2. Nf3 Nf6 3. Nc3 Nc6 4. Nd5 d6 5. d4 exd4 6. Nxd4 Be7 7.
Bc4 O-O 8. O-O Nxd5 9. Bxd5 Nxd4 10. Qxd4 Bf6 11. Qd3 Rb8 12. c3 Be6 13. Be3 Bxd5 14.
Qxd5 b6 15. Rfe1 Re8 16. Bf4 Qe7 17. a4 a5 18. g3 Be5 19. Bd2 g6 20. Kg2 h5 21. h3 Bg7 22. Rad1 Qe6 23. Bg5 Qxd5 24. exd5 Re5 25. Bf4 Ree8 26. Kf3 Kf8 27. g4 hxg4+ 28.
hxg4 Rxe1 29. Rxe1 Re8 30. Rxe8+ Kxe8 31. Ke4 Kd7 32. Kd3 c6 33. Kc4 Kc7 34. Bd2 f5 35. f3 fxg4 36. fxg4 Be5 37. b4 axb4 38. cxb4 Kb7 39.
dxc6+ Kxc6 40. b5+ Kc7 41. Kd5 Bg3 42. Bb4 Be5 43. a5 bxa5 44. Bxa5+ Kb7 45. Bb4 Kb6 46. Bxd6 Bg7 47. Kc4 Bf6 48. Bc5+ Kb7 49. Kd5 Bg7 50. Ke6 Bc3 51. Kf7 g5 52. Kg6 Bd2 53. Kf5 Bc1 54.
Be7 Kb6 55. Bxg5 Bb2 56. Bf6 Bc1 57. Bg5 Bb2 58. Bf4 Kxb5 59. g5 Kc6 60. Ke6 Bc3 61. g6 Bg7 62. Be5 Bf8 63. Bf6 Kc7 64. Be7 Bh6 65.
Bg5 Bg7 66. Kf7 Bc3 67. Bf6 Bd2 68. g7 1-0

[Event "Late-Titled-Tuesday-Blitz-March-19-2024"]
[Site "Chess.com"]
[Date "2024.03.19"]
[Round "1"]
[White "Kombinator01"]
[Black "Defend1r"]
[Result "0-1"]
[WhiteElo "2410"]
[BlackElo "2726"]
[TimeControl "180+1"]
[EndTime "14:08:21 PDT"]
[Termination "Defend1r won on time"]

1. d4 Nf6 2. c4 e6 3. Nf3 d5 4. Nc3 Be7 5. Bg5 O-O 6. e3 h6 7.
Bh4 Nbd7 8. Rc1 c5 9. cxd5 Nxd5 10. Bxe7 Qxe7 11. Bd3 Nxc3 12. bxc3 e5 13. Bb1 exd4 14.
cxd4 cxd4 15. Qxd4 Nf6 16. O-O Be6 17. Qe5 Rac8 18.
Nd4 Rxc1 19. Rxc1 Qa3 20. Qc5 Qxc5 21. Rxc5 Bc8 22. Kf1 Rd8 23. Ke2 Ne8 24. Bf5 Bxf5 25. Nxf5 Kf8 26. f4 h5 27. h3 g6 28. Nd4 b6 29. Rc3 Rd7 30. g4 hxg4 31. hxg4 Nf6 32. Kf3 Nd5 33. Rc8+ Ke7 34. Ra8 a5 35. f5 gxf5 36.
gxf5 Kd6 37. Rc8 Nc7 38. e4 Kc5 39. Nb3+ Kb4 40. Rb8 b5 41. e5 a4 42. Nc1 Kc3 43. Rb7 Kb2 44. e6 fxe6 45. fxe6 Rg7 46. Nd3+ Kxa2 47.
Nb4+ Kb3 48. Nd5 Nxe6 49. Rxb5+ Kc4 50. Ra5 a3 51. Ne3+ Kb3 52. Rb5+ Ka4 53. Rb6 Nd4+ 54. Ke4 Nb5 55. Ra6+ Kb3 56. Ra5 Rb7 57. Nf1 Nc3+ 58. Kd3 Rd7+ 59. Ke3 a2 60. Nd2+ Kc2 61.
Nc4 Rb7 62. Na3+ Kb3 63. Nc4 Kxc4 0-1

[Event "Late-Titled-Tuesday-Blitz-March-19-2024"]
[Site "Chess.com"]
[Date "2024.03.19"]
[Round "1"]
[White "fen_fire"]
[Black "Angry_Twin"]
[Result "0-1"]
[WhiteElo "2530"]
[BlackElo "2945"]
[TimeControl "180+1"]
[EndTime "14:08:25 PDT"]
[Termination "Angry_Twin won by checkmate"]

1. c3 Nf6 2. Nf3 d5 3. c4 e6 4. e3 Bd6 5. d4 O-O 6. Nc3 b6 7. Bd3 Bb7 8. O-O Nbd7 9. b3 Qe7 10. Bb2 a6 11. Qe2 dxc4 12. Bxc4 b5 13. Bd3 c5 14. Rac1 Rac8 15. Rfd1 Rfd8 16. Bb1 cxd4 17. Nxd4 Ne5 18. h3 Ng6 19. Bd3 Nh4 20. e4 Ng6 21. Bb1 Be5 22.
Nf3 Bb8 23. g3 Ne5 24. Nxe5 Bxe5 25. Rxd8+ Qxd8 26. Bd3 Qb6 27. Rc2 Bxg3 28. Nd1 e5 29. Rxc8+ Bxc8 30. Ne3 Bf4 31. Nf5 Bxf5 32. exf5 Qd6 33.
Be4 h6 34. Kg2 Qd7 35. Qf3 Qc7 36. Ba3 a5 37. Qe2 b4 38. Bb2 Qc5 39. Qd3 Qc7 40. Bf3 h5 41. Be4 h4 42. Bf3 Qe7 43.
Be4 Kh7 44. Qc4 Qd6 45. Qd3 Qc5 46. Qc4 Qxc4 47. bxc4 Nxe4 48. Kf3 Nc5 49. Kg4 Nd3 50. Ba1 Nxf2+ 51. Kxh4 Ne4 52. Kh5 g6+ 53. fxg6+ fxg6+ 54. Kg4 Nc5 55. Kf3 Kg7 56. h4 Kf6 57. Kg4 Be3 58. Bb2 Nd3 59. Bc1 Bxc1 60. h5 gxh5+ 61. Kxh5 Kf5 62. c5 Nxc5 63. a4 Kf4 64. Kh4 Nxa4 65. Kh3 Kf3 66. Kh2 Kf2 67. Kh1 e4 68. Kh2 e3 69. Kh1 e2 70. Kh2 e1=Q 71. Kh3 Qe4 72. Kh2 Qh4# 0-1

[Event "Late-Titled-Tuesday-Blitz-March-19-2024"]
[Site "Chess.com"]
[Date "2024.03.19"]
[Round "1"]
[White "maksimys18"]
[Black "dretch"]
[Result "0-1"]
[WhiteElo "2506"]
[BlackElo "2867"]
[TimeControl "180+1"]
[EndTime "14:08:26 PDT"]
[Termination "dretch won by checkmate"]

1. d4 d6 2. Nf3 Bf5 3. c4 Nf6 4.
Nc3 g6 5. Bg5 Bg7 6. e3 h6 7.
Bh4 Nbd7 8. Be2 O-O 9. Nd2 Nb6 10. O-O e5 11. d5 g5 12. Bg3 e4 13. b4 a5 14. a3 Qe7 15. Rb1 axb4 16. axb4 Ra3 17. Nb5 Ra2 18. Nd4 Bg6 19. Rc1 Nfd7 20. N2b3 Ne5 21. h3 Na4 22. c5 Ra8 23. cxd6 cxd6 24. Nb5 Nb2 25. Qc2 Nbd3 26. Qc7 Qxc7 27. Nxc7 Nxc1 28.
Nxc1 Nd3 29. Nxa8 Rxa8 30. Bxd6 Rd8 31. Bc5 Rxd5 32. Rd1 Bb2 33. Nxd3 exd3 34. Bf3 Rd7 35. e4 d2 36. Kf1 Bc3 37. Ke2 f5 38. e5 Bf7 39. Bd6 Bc4+ 40. Ke3 Kf7 41. Rxd2 f4+ 42. Ke4 Bxd2 43. Bh5+ Kg7 44. Bg4 Rxd6 45. exd6 Bxb4 46. d7 Be7 47. g3 fxg3 48. fxg3 Kf6 49. Kd4 b5 50. h4 Bd8 51. hxg5+ hxg5 52. Bd1 Bc7 53. g4 Ke7 54. Ke4 Kxd7 55. Kf5 Bf4 56. Bc2 Be6+ 57. Ke4 Bxg4 58. Bd3 b4 59. Kd4 Kd6 60. Kc4 Bd2 61. Kb3 Be6+ 62. Kc2 Bc3 63. Be2 g4 64. Kb1 g3 65. Bf3 Bd5 66. Be2 g2 67. Kc2 g1=Q 68. Bf1 Qf2+ 69. Kd3 Qd2# 0-1

[Event "Late-Titled-Tuesday-Blitz-March-19-2024"]
[Site "Chess.com"]
[Date "2024.03.19"]
[Round "1"]
[White "SharathRk6"]
[Black "Andrei_Skvortsov"]
[Result "1-0"]
[WhiteElo "2436"]
[BlackElo "2725"]
[TimeControl "180+1"]
[EndTime "14:08:27 PDT"]
[Termination "SharathRk6 won by resignation"]

1. e4 c5 2. Nf3 d6 3. d4 cxd4 4. Nxd4 Nf6 5. Nc3 g6 6. Be3 Bg7 7. f3 O-O 8. Qd2 d5 9. exd5 Nxd5 10. Nxd5 Qxd5 11. c4 Qe5 12. O-O-O Nc6 13. Nxc6 bxc6 14. Bd4 Qc7 15. Bxg7 Kxg7 16. Qc3+ f6 17. Bd3 Rb8 18. Rhe1 Rf7 19. Kb1 Qxh2 20. g4 Qf4 21. Be4 c5 22. Bd5 e6 23. Bxe6 Bxe6 24. Rxe6 Rb6 25. Re4 Qg3 26. Rde1 Rd6 27. a3 Rd4 28. Rxd4 cxd4 29.
Qd2 Qxf3 30. Qxd4 Rb7 31. c5 Qc6 32. g5 h6 33. gxh6+ Kxh6 34. Qh4+ Kg7 35. Rh1 f5 36. Qh8+ Kf7 37. Rh7+ Ke6 38. Rxb7 Qxb7 39. Qe8+ Kf6 40. Qf8+ Kg5 41. Qd6 Qe4+ 42. Ka2 Qc4+ 43. Ka1 f4 44. c6 f3 45. Qg3+ Kf5 46. Qxf3+ Ke6 47. Qg2 Kf6 48. Qf2+ Ke6 49. Qe3+ Kd5 50. Qf3+ Ke6 51. Kb1 g5 52. Qe3+ Kf5 53. Qf3+ Ke5 54.
Qg3+ Kf6 55. c7 Qe4+ 56. Ka2 Qc4+ 57. Kb1 Qe4+ 58. Kc1 Qc4+ 59. Qc3+ Qxc3+ 60. bxc3 g4 61. c8=Q g3 62. Qg4 g2 63. Qxg2 1-0

[Event "Late-Titled-Tuesday-Blitz-March-19-2024"]
[Site "Chess.com"]
[Date "2024.03.19"]
[Round "1"]
[White "kriscacco"]
[Black "Tunahan_Makaraci"]
[Result "1-0"]
[WhiteElo "2094"]
[BlackElo "2572"]
[TimeControl "180+1"]
[EndTime "14:08:28 PDT"]
[Termination "kriscacco won on time"]

1. d4 d5 2. Nf3 e6 3. c4 c5 4.
cxd5 exd5 5. Nc3 Nc6 6. e3 Nf6 7. Be2 a6 8. O-O c4 9. a4 Na5 10.
Nd2 Bd6 11. b3 O-O 12. g3 Be6 13. Ba3 Bxa3 14. Rxa3 Qc7 15. Qa1 Rfc8 16. b4 Nc6 17. b5 Ne7 18. Rb1 Qd7 19. Qb2 Bh3 20. Bf3 Qf5 21. Bh1 axb5 22. Qxb5 Ng4 23. Nf3 Rc7 24.
Ra2 h6 25. Qb2 Nc6 26. Qc2 Qe6 27. Rb5 Ne7 28. Qd2 Rd8 29. Rab2 Rdd7 30. Rb6 Rd6 31. a5 Rxb6 32. Rxb6 Nc6 33. Rb5 Nf6 34. Ne1 Ne7 35. Nc2 Qa6 36. Nb4 Qd6 37. Rb6 Qd7 38. Rxf6 gxf6 39. Nbxd5 Nxd5 40. Nxd5 Rc6 41. e4 Kg7 42.
Qf4 c3 43. Bf3 c2 44. Qc1 Qd6 45. Ne3 Be6 46. d5 Rc3 47. dxe6 Qxe6 48. Kg2 Kf8 49. Nd5 Qe5 50. Nxc3 Qxc3 51. e5 fxe5 52. Be4 Qd4 53. Qxc2 f5 54. Bxf5 Ke7 55. Be4 Qd6 56. Bxb7 Qd4 57. a6 Qb6 58. Qe4 Kd6 59. Qd5+ Kc7 60. Qxe5+ Kd8 61. Qd5+ 1-0

[Event "Late-Titled-Tuesday-Blitz-March-19-2024"]
[Site "Chess.com"]
[Date "2024.03.19"]
[Round "1"]
[White "ChristopherYoo"]
[Black "TheRigos"]
[Result "1/2-1/2"]
[WhiteElo "2945"]
[BlackElo "2543"]
[TimeControl "180+1"]
[EndTime "14:08:31 PDT"]
[Termination "Game drawn - insufficient material"]

1. c4 e6 2. Nf3 d5 3. g3 Nf6 4. Bg2 Be7 5. O-O O-O 6. d4 dxc4 7. Qc2 a6 8. a4 Bd7 9. Rd1 Nc6 10. Bg5 Nb4 11. Qc1 Bc6 12. Nc3 Ne4 13. Bxe7 Qxe7 14. Ne5 Nxc3 15. bxc3 Bxg2 16. Kxg2 Nd5 17. e4 Nf6 18. f3 c5 19. Qa3 Qc7 20. Qxc5 Qxc5 21. dxc5 Rfc8 22. c6 bxc6 23. Nxc4 Rd8 24. Rxd8+ Rxd8 25.
Rb1 Nd7 26. Rd1 Kf8 27. Rd6 Ke7 28. Rxc6 Rb8 29. Rxa6 Rc8 30. Nb6 Nxb6 31. Rxb6 Rxc3 32. a5 Rc2+ 33. Kh3 Ra2 34. a6 g5 35. Kg4 Kf6 36. h4 gxh4 37. Kxh4 Rh2+ 38. Kg4 Ra2 39. f4 Kg6 40. e5 h5+ 41. Kf3 Kf5 42. Rb7 Ra3+ 43. Kg2 Kg4 44. Rxf7 Ra2+ 45. Kf1 Rxa6 46. Kf2 Ra2+ 47.
Ke3 Ra3+ 48. Kd4 Kxg3 49. f5 exf5 50. Rxf5 h4 51. e6 h3 52. e7 Ra4+ 53. Kd3 Ra3+ 54. Ke2 Ra2+ 55. Ke3 Ra3+ 56. Kd4 Ra4+ 57. Kd5 Ra5+ 58.
Kc4 Ra4+ 59. Kd5 Ra5+ 60. Kc6 Ra6+ 61. Kd7 Ra7+ 62. Ke6 Rxe7+ 63. Kxe7 h2 64. Rh5 Kg2 65.
Rg5+ Kf2 66. Rf5+ Kg2 67. Rg5+ Kf2 68. Rf5+ Kg2 69. Rh5 h1=R 70. Rxh1 Kxh1 1/2-1/2

[Event "Late-Titled-Tuesday-Blitz-March-19-2024"]
[Site "Chess.com"]
[Date "2024.03.19"]
[Round "1"]
[White "Eduard_Limonov"]
[Black "dolynachess"]
[Result "1/2-1/2"]
[WhiteElo "2860"]
[BlackElo "2518"]
[TimeControl "180+1"]
[EndTime "14:08:31 PDT"]
[Termination "Game drawn - insufficient material"]

1. Nf3 Nf6 2. c4 g6 3. g3 c5 4. b3 Bg7 5. Bb2 O-O 6. Bg2 Nc6 7. O-O a6 8. d4 cxd4 9. Nxd4 Nxd4 10. Qxd4 d6 11. Nc3 Rb8 12. Rfd1 Be6 13. Rac1 Nd5 14.
Qd2 Nxc3 15. Bxc3 Bxc3 16. Qxc3 Qc7 17. h4 h5 18. Qe3 Rfc8 19. Be4 Kg7 20. Qd4+ f6 21. Kg2 Qc5 22. Qd3 Bf7 23. Bf3 Qa5 24.
Rc2 b5 25. cxb5 axb5 26. Rdc1 Rxc2 27. Rxc2 b4 28. Qe3 Qe5 29. Qxe5 fxe5 30. e4 Rb5 31.
Rc7 Kf6 32. Ra7 Rc5 33. Ra4 Rc2 34. Rxb4 Rxa2 35. Rb8 Rb2 36. b4 Bc4 37. g4 hxg4 38.
Bxg4 e6 39. Rb6 Ke7 40. Kg3 Rb3+ 41. f3 Rb2 42. Bh3 Be2 43. Rb8 Rb3 44. Bg4 d5 45.
Rb6 Bxf3 46. Rxe6+ Kf7 47. Rxe5 Bxe4+ 48. Kf4 Rxb4 49.
Kg5 Rb6 50. h5 gxh5 51. Bxh5+ Kf8 52. Re8+ Kg7 53. Re7+ Kf8 54. Re8+ Kg7 55. Rd8 Re6 56. Rd7+ Kf8 57. Rf7+ Kg8 58. Rd7 Kf8 59. Bg4 Rb6 60.
Kf4 Ke8 61. Rg7 Kf8 62. Rc7 Ke8 63. Ke5 Kd8 64. Rd7+ Ke8 65. Ra7 Kd8 66. Be6 Ke8 67. Rd7 Rxe6+ 68. Kxe6 Bf5+ 69. Kxd5 Kxd7 1/2-1/2

[Event "Late-Titled-Tuesday-Blitz-March-19-2024"]
[Site "Chess.com"]
[Date "2024.03.19"]
[Round "1"]
[White "SpeedofLight0"]
[Black "Truequitos"]
[Result "1-0"]
[WhiteElo "3069"]
[BlackElo "2558"]
[TimeControl "180+1"]
[EndTime "14:08:33 PDT"]
[Termination "SpeedofLight0 won on time"]

1. d4 d5 2. Nc3 c6 3. Bf4 Nf6 4. e3 g6 5. Nf3 Bg7 6. h4 Bg4 7. Be2 Nbd7 8. Ne5 Bxe2 9. Qxe2 Qb6 10. O-O-O Nxe5 11. Bxe5 O-O-O 12. h5 gxh5 13. Rh3 Rhg8 14. Qf3 Rdf8 15. Rdh1 Ng4 16. Bxg7 Rxg7 17. Rxh5 Nf6 18.
Rh6 Rfg8 19. g3 Qc7 20. R1h4 Qd7 21. Rf4 Ng4 22. Rh4 f6 23. Rf5 e6 24. Rfh5 f5 25.
Rh1 Nf6 26. Rh6 Ne4 27. Ne2 Ng5 28. Qg2 Rg6 29. R6h5 R6g7 30. Nf4 Ne4 31. Rh6 Ng5 32. Nd3 Qe8 33. R1h4 Ne4 34. Qf3 Nd6 35. Nf4 Re7 36.
Rxh7 Rxh7 37. Rxh7 Ne4 38. Rh6 Rh8 39. Qh1 Rxh6 40.
Qxh6 Nxf2 41. Qg7 Ne4 42. b3 Qd7 43. Qg8+ Kc7 44. Nxe6+ Kb6 45. Kb2 a5 46. a4 Qd6 47.
Ng5 Nxg3 48. Nf7 Qc7 49. Ne5 Ne4 50. Qf8 Qd6 51. Qxf5 Qb4 52. Nc4+ Ka6 53. Na3 Qc3+ 54. Ka2 Qd2 55. Qf1+ Ka7 56. Qd3 Qc1 57. Nb1 Qe1 58.
Kb2 Qb4 59. Nc3 b5 60. axb5 Nxc3 61. Qxc3 Qxb5 62. Qd3 Qb4 63. Qg6 Kb6 64. Qg8 a4 65. Qb8+ Ka5 66. Qa7+ Kb5 67. Qb7+ Ka5 68. Qc7+ Kb5 69.
Qb7+ Ka5 70. Qxc6 axb3 71. Qa8+ Kb5 72. Qb7+ Ka4 73. Qxb4+ Kxb4 74. cxb3 1-0

[Event "Late-Titled-Tuesday-Blitz-March-19-2024"]
[Site "Chess.com"]
[Date "2024.03.19"]
[Round "1"]
[White "jstopa4"]
[Black "whitemirrorninja"]
[Result "0-1"]
[WhiteElo "2743"]
[BlackElo "2456"]
[TimeControl "180+1"]
[EndTime "14:08:35 PDT"]
[Termination "whitemirrorninja won by resignation"]

1. d4 Nf6 2. c4 b6 3. Bf4 Bb7 4. e3 e6 5. Nc3 Bb4 6. Qc2 O-O 7.
Nf3 c5 8. a3 Ba5 9. dxc5 bxc5 10. Be2 Ne4 11. O-O Nxc3 12. bxc3 Bc7 13. Rab1 Bc6 14. Ne5 f6 15. Nxc6 Nxc6 16. Bxc7 Qxc7 17. Rb5 Ne5 18. f4 a6 19. Rb3 Nc6 20. Rfb1 Rab8 21.
Bf3 Rxb3 22. Qxb3 Rb8 23. Qc2 Rxb1+ 24. Qxb1 Na5 25. Qe4 Nc6 26. h4 f5 27. Qb1 Qb8 28. Qd3 Qc7 29. h5 Kf7 30. g4 Ne7 31. g5 e5 32.
Bd5+ Ke8 33. g6 hxg6 34. hxg6 exf4 35. Bf7+ Kd8 36. e4 Qe5 37. exf5 Qxf5 38. Qd6 Qb1+ 39. Kf2 Qc2+ 40. Kf1 Qc1+ 41. Kg2 Qc2+ 42. Kf1 Nf5 43. Qb8+ Ke7 44. Qe5+ Kd8 45. Qb8+ Ke7 46. Qe5+ Kd8 47. Qxf4 Qd3+ 48. Kf2 Qc2+ 49. Kf3 Qd1+ 50. Kg2 Qe2+ 51. Kg1 Qd1+ 52. Kf2 Qc2+ 53. Ke1 Qxc3+ 54. Kd1 Qd4+ 55. Qxd4 Nxd4 56. Kd2 Ke7 57. Kc3 Kf6 58. a4 a5 59.
Kd3 Nf5 60. Be8 d6 61. Ke4 Ne7 62. Kd3 Nxg6 63. Ke4 Ne7 64. Bh5 Kg5 65. Be8 g6 66. Bd7 Kh4 67. Kf4 g5+ 68. Kf3 Ng6 69. Ke4 g4 70.
Kd5 g3 0-1

[Event "Late-Titled-Tuesday-Blitz-March-19-2024"]
[Site "Chess.com"]
[Date "2024.03.19"]
[Round "1"]
[White "RichardLeyvaP"]
[Black "VladimirKramnik"]
[Result "1/2-1/2"]
[WhiteElo "2551"]
[BlackElo "3000"]
[TimeControl "180+1"]
[EndTime "14:08:38 PDT"]
[Termination "Game drawn - insufficient material"]

1. e4 c5 2. Nf3 d6 3. d4 cxd4 4. Nxd4 Nf6 5. Nc3 a6 6. Bc4 e6 7. Bb3 b5 8. O-O Be7 9. Qf3 Qb6 10.
Be3 Qb7 11. Qg3 O-O 12. f3 Nc6 13. Rad1 Ne5 14. f4 Nc4 15. e5 Nh5 16. Qh3 g6 17. Bxc4 bxc4 18. exd6 Bxd6 19. Nf5 exf5 20. Rxd6 Be6 21.
Rb1 Rfd8 22. Rxd8+ Rxd8 23. Qf3 Qxf3 24. gxf3 Nf6 25.
Kf2 Rb8 26. Bd4 Nd7 27. b4 cxb3 28. cxb3 f6 29. Rc1 Rc8 30. Ne2 Rxc1 31. Nxc1 Kf7 32. Nd3 Bd5 33. Nc5 Nb8 34. Ke3 g5 35. fxg5 fxg5 36. a4 f4+ 37. Kf2 Nc6 38. Bc3 a5 39. Nb7 h5 40. Nxa5 Ne7 41. b4 Nf5 42. Be5 Ke6 43.
Bc7 Nd4 44. b5 Nxf3 45. b6 Nd2 46. b7 Ne4+ 47. Ke1 Bxb7 48. Nxb7 Kd7 49. Be5 Kc6 50. Nd8+ Kd5 51. Bb8 f3 52. a5 Nc5 53. Nf7 g4 54.
Nh6 Ke4 55. Kf2 Nd3+ 56. Kf1 Nb4 57. Bd6 Na6 58. Nf7 Kd5 59. Ba3 h4 60. Ng5 Kc4 61.
h3 gxh3 62. Nxh3 Kb5 63. Bc1 Kxa5 64. Bd2+ Kb5 65. Kf2 Kc4 66. Kxf3 Kd3 67. Kg4 Nc5 68. Kxh4 Kxd2 1/2-1/2

[Event "Late-Titled-Tuesday-Blitz-March-19-2024"]
[Site "Chess.com"]
[Date "2024.03.19"]
[Round "1"]
[White "Moultino06"]
[Black "EvilMorty23"]
[Result "0-1"]
[WhiteElo "2766"]
[BlackElo "2477"]
[TimeControl "180+1"]
[EndTime "14:08:38 PDT"]
[Termination "EvilMorty23 won by resignation"]

1. d4 Nf6 2. Nc3 e6 3. Bf4 d5 4.
Nb5 Na6 5. e3 c6 6. Nc3 Bd6 7.
Bxd6 Qxd6 8. Nf3 O-O 9. Bxa6 bxa6 10. Na4 Rb8 11. c3 Nd7 12. O-O f6 13. b4 e5 14.
Nc5 e4 15. Nxd7 Bxd7 16. Nd2 f5 17. f4 exf3 18. Nxf3 f4 19. exf4 Bg4 20. Qd3 Rxf4 21. Ne5 Rbf8 22. Rxf4 Rxf4 23. Qxa6 Bd7 24. Qxa7 Be8 25.
Qa8 Rf8 26. Rf1 Rxf1+ 27. Kxf1 Qf8+ 28. Kg1 h6 29. Qc8 Kh7 30. Qg4 Qf6 31. h3 h5 32.
Qf3 Qg5 33. a4 h4 34. a5 Bh5 35. Qd3+ g6 36. Nf3 Qc1+ 37. Kh2 Qf4+ 38. Kh1 Qc1+ 39.
Ng1 Qa1 40. Qe3 Kg8 41. Qe8+ Kh7 42. Qe7+ Kg8 43. Qxh4 Qxc3 44. Qd8+ Kh7 45. Qe7+ Kh6 46.
Qf8+ Kh7 47. Qc5 Qa3 48. Qxc6 Qxb4 49. Qxd5 Qa3 50. Qc5 Qa4 51. Qe7+ Kg8 52. Qe6+ Kh7 53. Qe7+ Kg8 54. Qe5 Bd1 55. Qe6+ Kg7 56. a6 Bb3 57. Qe7+ Kh6 58. a7 Bd5 59. Qf8+ Kh7 60. Qd6 Qa2 61.
Qc7+ Kh6 62. Qf4+ Kh7 63. Nf3 Qb1+ 64. Kh2 Qa2 65. Qc7+ Kh6 66. Qe5 Bxf3 67. Qf4+ Kh7 68. Qf7+ Qxf7 0-1

[Event "Late-Titled-Tuesday-Blitz-March-19-2024"]
[Site "Chess.com"]
[Date "2024.03.19"]
[Round "1"]
[White "KaydenTroffChess"]
[Black "Licancabur"]
[Result "1-0"]
[WhiteElo "2845"]
[BlackElo "2495"]
[TimeControl "180+1"]
[EndTime "14:08:46 PDT"]
[Termination "KaydenTroffChess won on time"]

1. d4 d5 2. Nf3 Nf6 3. Bf4 c5 4. e3 Nc6 5. Nc3 cxd4 6. Nxd4 e6 7. Be2 Bb4 8. O-O O-O 9. Bf3 Re8 10. Nxc6 bxc6 11.
Be5 Nd7 12. Bg3 e5 13. Na4 Ba6 14. Be2 Bxe2 15. Qxe2 Qa5 16. b3 Nb6 17. a3 Bc3 18. Nxc3 Qxc3 19. Rfd1 Nd7 20. f3 Nf6 21. Be1 Qc5 22.
Bf2 Qc3 23. Qd2 Qxd2 24. Rxd2 Rab8 25. b4 a5 26. c3 a4 27. Rc1 Nd7 28. c4 Nb6 29. cxd5 cxd5 30. e4 d4 31. f4 f6 32.
fxe5 fxe5 33. Bg3 Rbc8 34. Rxc8 Nxc8 35. Rc2 Nd6 36. b5 Nxb5 37. Rc5 Nxa3 38. Bxe5 Nc2 39.
Bxg7 Kxg7 40. Rxc2 Rxe4 41. Rc4 a3 42. Ra4 Re2 43. Rxa3 Rd2 44. Ra7+ Kg6 45. Rd7 h5 46. Rd5 h4 47. h3 Kh6 48. Re5 Kg6 49. Re4 Kg5 50.
Rg4+ Kh5 51. Kf1 d3 52. Rd4 Kg5 53. Kg1 Kh5 54. Kh2 Kg5 55. Kh1 Kh5 56. Kg1 Kg5 57.
Kf1 Kh5 58. Rg4 Re2 59. Rg8 Rd2 60. Rd8 Kg5 61. Rd4 Kh5 62. Rd5+ Kh6 63. Kg1 Kg6 64. Rd8 Kg5 65. Rg8+ Kh5 66. Kf1 Kh6 67. Rh8+ Kg5 68. Rd8 Kh5 69. Rh8+ Kg5 70. Ke1 Re2+ 71. Kd1 Rf2 72.
Rg8+ Kf5 73. Rf8+ Ke4 74. Rxf2 1-0

[Event "Late-Titled-Tuesday-Blitz-March-19-2024"]
[Site "Chess.com"]
[Date "2024.03.19"]
[Round "1"]
[White "Bugcrusher"]
[Black "TanitoluwaAps116"]
[Result "0-1"]
[WhiteElo "2482"]
[BlackElo "2811"]
[TimeControl "180+1"]
[EndTime "14:08:47 PDT"]
[Termination "TanitoluwaAps116 won on time"]

1. e4 c5 2. Nc3 e6 3. f4 d5 4. Bb5+ Bd7 5. Bxd7+ Qxd7 6. d3 Nc6 7. Nf3 Nf6 8. O-O O-O-O 9. e5 Ne8 10. Bd2 g6 11. Rb1 f6 12. exf6 Nxf6 13. a3 Bg7 14. b4 cxb4 15.
axb4 d4 16. Ne4 Nxe4 17. dxe4 d3 18. b5 Nd4 19. cxd3 Nxb5 20. Qb3 a6 21. Rfc1+ Kb8 22. Ba5 Rc8 23. h3 h6 24. e5 Rhf8 25. Rc4 Rf5 26. Rbc1 Rxc4 27. Qxc4 g5 28. g3 gxf4 29. gxf4 Rf8 30.
Bb6 h5 31. Nd4 Nxd4 32. Bxd4 Bh6 33. Qc5 Rg8+ 34. Kf1 b5 35. Qb6+ Qb7 36. Qxb7+ Kxb7 37. Be3 Rc8 38. Rxc8 Kxc8 39. Ke2 Bg7 40. d4 Kd7 41. Kd3 Kc6 42. Ke4 b4 43. Bd2 a5 44. f5 exf5+ 45.
Kxf5 Kd5 46. e6 Bf8 47. Kf6 Kxd4 48. Kf7 Bd6 49. Bf4 Bc5 50. Bg3 Kd5 51. Bf2 Bd6 52. Bg3 Bc5 53. Bf2 b3 54. Bxc5 b2 55. e7 b1=Q 56.
e8=Q Qf5+ 57. Kg7 Kxc5 58. Qe3+ Kc6 59. Qc3+ Qc5 60. Qf3+ Qd5 61. Qc3+ Kb6 62. Qb2+ Ka6 63. Qe2+ Kb7 64. Qb2+ Kc7 65. Qc2+ Qc6 66. Qh2+ Qd6 67. Qc2+ Kd8 68. Qc4 h4 69. Kh8 Qf6+ 70. Kg8 Qe7 71.
Qd5+ Kc7 72. Qc4+ Kd6 0-1